 Dungeon Crawl Stone Soup version 0.21.1-1-g345015fe64 (webtiles) character file.

125 Htamos the Magician (level 4, -8/24 HPs)
             Began as a Deep Elf Wizard on July 13, 2018.
             Mangled by a gnoll
             ... wielding a +0 flail
              (14 damage)
             ... on level 3 of the Dungeon.
             The game lasted 00:05:03 (3095 turns).

Htamos the Magician (Deep Elf Wizard)               Turns: 3095, Time: 00:05:04

Health: -8/24      AC:  2    Str:  4    XL:     4   Next: 82%
Magic:  3/15       EV: 13    Int: 24    God:
Gold:   139        SH:  0    Dex: 13    Spells: 17/18 levels left

rFire    . . .     SeeInvis .   t - +2 short sword (elec)
rCold    . . .     Gourm    .   (no shield)
rNeg     . . .     Faith    .   a - +0 robe
rPois    .         Spirit   .   b - +0 hat
rElec    .         Reflect  .   (no cloak)
rCorr    .         Harm     .   (no gloves)
MR       .....                  (no boots)
Stlth    ++........             (no amulet)
HPRegen  0.08/turn              (no ring)
MPRegen  0.14/turn              (no ring)

@: no status effects
A: no striking features
a: no special abilities


You were on level 3 of the Dungeon.
You were not hungry.

You visited 1 branch of the dungeon, and saw 3 of its levels.

You collected 139 gold pieces.

Inventory:

Hand Weapons
 g - a +0 dagger
 n - a +0 hunting sling
 t - a +2 short sword of electrocution (weapon)
Missiles
 e - 111 stones (quivered)
 m - 11 arrows
 p - 13 sling bullets
Armour
 a - a +0 robe (worn)
 b - a +0 hat (worn)
Jewellery
 f - an uncursed amulet of guardian spirit {unknown}
Wands
 r - a wand of random effects (37)
Scrolls
 h - 3 scrolls of teleportation {unknown}
 i - 2 scrolls of fog {unknown}
 k - a scroll of noise {unknown}
 o - a scroll of identify {unknown}
 s - a scroll of remove curse {unknown}
Potions
 j - a potion of brilliance {unknown}
 l - a potion of cancellation {unknown}
 q - a potion of curing {unknown}
Books
 c - a book of Minor Magic

   Spells                             Type                      Level
   a - Magic Dart                     Conjuration                  1
   b - Blink                          Translocation                2
   c - Call Imp                       Summoning                    2
   d - Slow                           Hexes                        2
   e - Conjure Flame                  Conjuration/Fire             3
   f - Mephitic Cloud                 Conjuration/Poison/Air       3
Comestibles
 d - 6 rations
 u - 3 chunks of flesh


   Skills:
 - Level 2.4 Dodging
 - Level 2.4 Stealth
 + Level 7.7 Spellcasting
 - Level 1.1 Conjurations
   Level 1.1 Summonings
   Level 1.1 Translocations


You had 17 spell levels left.
You knew the following spells:

 Your Spells              Type           Power        Failure   Level  Hunger
a - Magic Dart            Conj           ##..         4%          1    None


Dungeon Overview and Level Annotations

Branches:
Dungeon (3/15)

Altars:
Fedhas
Gozag
Kikubaaqudgha
Zin

Annotations:
D:3 JarielCorvus's ghost, amateur MfGl


Message History

Aiming: Magic Dart
Press: ? - help, Shift-Dir - straight line, f/p - gnoll
Aim: a gnoll, wielding a flail The magic dart hits the gnoll.
The gnoll is lightly wounded.
The gnoll hits you with a flail!
Casting: Magic Dart
Confirm with . or Enter, or press ? or * to list all spells.
Aiming: Magic Dart
Press: ? - help, Shift-Dir - straight line, f/p - gnoll
Aim: a gnoll, wielding a flail (lightly wounded)
The magic dart hits the gnoll.
The gnoll is heavily wounded.
The gnoll hits you with a flail!
* * * LOW HITPOINT WARNING * * *
You closely miss the gnoll.
The gnoll is heavily wounded.
The gnoll hits you with a flail!
Ouch! That really hurt!
You die...

# #. # #.## .# ...#
##.# #..###... #
#....†# ###..
###....###....
#....@.....#
#.....g..###
#......÷######
#............######
#.(.....####.<....#
###..#### ######.#
#.. #... #.#.


You could see a gnoll.

Vanquished Creatures
  An iguana (D:3)
  5 adders
  An ooze (D:1)
  2 worms (D:2)
  A dart slug (D:1)
  A leopard gecko (D:1)
  A ball python (D:1)
  A giant cockroach (D:1)
  6 hobgoblins
  2 jackals (D:1)
  A quokka (D:2)
  3 bats
  3 frilled lizards (D:1)
  8 goblins
  4 kobolds
  3 rats (D:1)
43 creatures vanquished.

Notes
Turn   | Place    | Note
-------+----------+-------------------------------------------
     0 | D:1      | Htamos the Deep Elf Wizard began the quest for the Orb.
     0 | D:1      | Reached XP level 1. HP: 10/10 MP: 7/7
   172 | D:1      | Reached skill level 5 in Spellcasting
   258 | D:1      | Reached XP level 2. HP: 15/15 MP: 7/10
  1266 | D:1      | Reached XP level 3. HP: 19/19 MP: 9/12
  1372 | D:2      | Reached skill level 6 in Spellcasting
  1471 | D:2      | Found an ancient bone altar of Kikubaaqudgha.
  1476 | D:2      | Found a blossoming altar of Fedhas.
  2361 | D:2      | Reached XP level 4. HP: 24/24 MP: 7/14
  2613 | D:2      | Found a glowing silver altar of Zin.
  2614 | D:2      | Found an opulent altar of Gozag.
  2670 | D:2      | Reached skill level 7 in Spellcasting
  2888 | D:3      | Noticed JarielCorvus's ghost (amateur MfGl)
  3095 | D:3      | Mangled by a gnoll

Skill      XL: |  1  2  3  4 |
---------------+-------------+-----
Spellcasting   | 5 6 7 |  7.7
Dodging        | |  2.4
Stealth        | |  2.4
Conjurations   | |  1.1
Summonings     | |  1.1
Translocations | |  1.1

Action                   |  1- 3 |  4- 6 || total
-------------------------+-------+-------++-------
Melee: Dagger            |    10 |       ||    10
       Short sword       |       |     2 ||     2
 Cast: Magic Dart        |   111 |    44 ||   155
  Eat: Chunk             |     4 |     2 ||     6
Armor: Robe              |     4 |     1 ||     5
Dodge: Dodged            |    19 |     9 ||    28
